cohdb
Replays
Latest Replays
All Replays
Popular Replays
Top Player Replays
Match Explorer
How It Works
Community
CoH3 Stats
Reddit
Sign in to upload your games and track your stats! →
Sign in with Steam
Match 45736759
Unlisted
Match 45736759
Overview
Messages
Build Orders
End
Construct Section Command Post
Vickers Machine Gun Team
Infantry Section
Infantry Section
Infantry Section
Selects Air and Sea Battlegroup
Construct Platoon Command Post
Construct Field Infirmary
Unlock M3 Stuart Light Tanks
Selects Supply Surplus
Selects Commando Section Paradrop
Commando Section Paradrop
Infantry Training
M3 Stuart Light Tank
Grenade Package
ML 3-inch Mortar Team
Selects Commando Support Section Paradrop
Construct Company Command Post
Matilda II Heavy Tank
Crusader II Medium Tank
DebaKLeTV
靈魂收割者十分簡單對
Wehearvoices
dobRi3000
0
0
Comments
sign in to comment!
No comments posted yet!